General information
- name: 1v1 obs TR #36
- type: Custom game
- host: snarker
- saver: TIMG4STRok
map: TurtleRock
- players: 12
- length: 18:29
- speed: Fast
- version: 1.21 W3XP
- replay type:

» download(80 KB)
Players
team 1 (winner)
snarker (
red | 188 APM | 3478 actions | 18:29)
4 Blademaster
2 Wind Walk
2 Critical Strike
4 Shadow Hunter
2 Hex
2 Healing Wave
2 Tauren Chieftain
1 War Stomp
1 Endurance Aura
» actions
| Assign group hotkey | 36 | |
| Basic commands | 396 | |
| Build / train | 67 | |
| ESC pressed | 1 | |
| Enter build submenu | 15 | |
| Enter hero's abilities submenu | 10 | |
| Give item / drop item | 9 | |
| Right click | 893 | |
| Select / deselect | 167 | |
| Select group hotkey | 1808 | |
| Use ability | 75 | |
3478 total
» units
| Peon | 12 | |
| Grunt | 3 | |
| Wind Rider | 6 | |
| Troll Batrider | 3 | |
24 total
» upgrades
| Berserker Strength | 1 | |
| Envenomed Spears | 2 | |
| Ranged Weapons | 1 | |
| Armor | 1 | |
5 total
» buildings
| Altar of Storms | 1 | |
| Orc Burrow | 6 | |
| Barracks | 1 | |
| Voodoo Lounge | 1 | |
| Stronghold | 2 | |
| Beastiary | 2 | |
| Fortress | 1 | |
| War Mill | 1 | |
| Great Hall | 1 | |
16 total
» build order
00:08 Altar of Storms
00:20 Orc Burrow
00:36 Barracks
01:33 Orc Burrow
01:57 Voodoo Lounge
02:58 Stronghold
03:39 Orc Burrow
04:06 Orc Burrow
05:26 Beastiary
05:29 Beastiary
07:22 Fortress
10:18 Orc Burrow
10:26 War Mill
11:43 Great Hall
13:56 Orc Burrow
» items
| Healing Salve | 4 | |
| Scroll of Speed | 1 | |
| Orb of Lightning | 1 | |
| Potion of Healing | 4 | |
| Lesser Clarity Potion | 2 | |
| Potion of Lesser Invulnerability | 1 | |
| Scroll of Healing | 1 | |
| Scroll of Protection | 1 | |
| Dust of Appearance | 1 | |
16 total
team 2 (loser)
FrsT.N3wb4 (
green | 140 APM | 2588 actions | 18:28)
4 Death Knight
2 Death Coil
2 Unholy Aura
2 Lich
1 Frost Nova
1 Frost Armor
» actions
| Assign group hotkey | 50 | |
| Basic commands | 72 | |
| Build / train | 101 | |
| Enter build submenu | 11 | |
| Enter hero's abilities submenu | 7 | |
| Give item / drop item | 6 | |
| Remove unit from queue | 2 | |
| Right click | 1411 | |
| Select / deselect | 351 | |
| Select group hotkey | 494 | |
| Use ability | 83 | |
2588 total
» units
| Acolyte | 4 | |
| Ghoul | 2 | |
| Crypt Fiend | 16 | |
| Obsidian Statue | 11 | |
33 total
» upgrades
| Web | 1 | |
| Destroyer Form | 1 | |
| Burrow | 1 | |
| Creature Attack | 2 | |
| Creature Carapace | 1 | |
6 total
» buildings
| Graveyard | 1 | |
| Crypt | 1 | |
| Altar of Darkness | 1 | |
| Ziggurat | 6 | |
| Tomb of Relics | 1 | |
| Nerubian Tower | 3 | |
| Halls of the Dead | 3 | |
| Black Citadel | 2 | |
| Slaughterhouse | 1 | |
19 total
» build order
00:09 Graveyard
00:12 Crypt
00:36 Altar of Darkness
00:57 Ziggurat
01:44 Tomb of Relics
02:24 Ziggurat
02:51 Nerubian Tower
02:52 Nerubian Tower
04:20 Halls of the Dead
04:20 Halls of the Dead
05:23 Ziggurat
06:45 Black Citadel
06:48 Slaughterhouse
08:31 Ziggurat
13:11 Ziggurat
17:24 Ziggurat
» items
| Dust of Appearance | 2 | |
| Rod of Necromancy | 8 | |
| Boots of Speed | 1 | |
| Potion of Healing | 1 | |
| Orb of Corruption | 1 | |
| Scroll of Town Portal | 1 | |
14 total
observersTIMG4STRok,
Walking.TrL,
wat_it_do,
Green_Bears,
william.holden,
Void-Br,
Di.Revo,
BuSabers,
panzerschrek,
e(d Chat log
(00:06 / Observers) panzerschrek: omg slow ass comp
(00:09 / Observers) Di.Revo: I'M REAL, MOTHER FUCKERS.
(00:11 / All) snarker: gl hf sir
(00:16 / All) FrsT.N3wb4: glglglglglglgl
(00:21 / Observers) william.holden: <----- Amateur Gynocologist
(00:29 / Observers) wat_it_do: snaker aint cool
(00:33 / Observers) wat_it_do: he called us faggots
(00:36 / Observers) wat_it_do: for no reason
(00:39 / Observers) wat_it_do: that really
(00:42 / Observers) Di.Revo: <----- Amateur Proctologist.
(00:42 / Observers) wat_it_do: grinds my gears
(00:49 / Observers) Di.Revo: JUST CALL ME THE ASSMAN
(00:55 / Observers) william.holden: HAHA YEA DUDE
(00:57 / Observers) william.holden: ASSMAN
(00:59 / Observers) panzerschrek: i wish the ud win
(01:06 / Observers) wat_it_do: me to
(01:07 / Observers) Di.Revo: i think i'm going got
(01:12 / Observers) Di.Revo: to*
(01:13 / Observers) william.holden: CALL ME VAGDOC
(01:18 / All) FrsT.N3wb4: glglgl
(01:18 / Observers) Di.Revo: make my license plate
(01:20 / Observers) Di.Revo: say
(01:23 / Observers) Di.Revo: "ASSMAN"
(01:25 / Observers) Di.Revo: that'd be badass
(01:26 / Observers) william.holden: thats from a movie
(01:29 / Observers) Di.Revo: no
(01:31 / Observers) Di.Revo: it's from
(01:34 / Observers) Di.Revo: seinfeld
(01:36 / Observers) william.holden: YEA
(01:36 / Observers) Di.Revo: close, though
(01:37 / Observers) william.holden: ROFL
(01:46 / Observers) william.holden: seinfeld rocks
(01:50 / Observers) Di.Revo: indeed it does
(01:51 / Observers) Di.Revo: ^^
(02:03 / Observers) Di.Revo: anywho, i gtg
(02:06 / Observers) Di.Revo: later homies
(02:08 / Observers) william.holden: lame
(02:10 / Observers) Di.Revo: by VAGDOC
(02:11 / Observers) william.holden: dont name names
(02:15 / Observers) william.holden: COMMY
(02:20 / Observers) Di.Revo: =/
(02:25 / Observers) william.holden: lol peace ASSMNA
(02:26 / Observers) Di.Revo: NO SOUP FOR YOU
(02:32 / All) FrsT.N3wb4: lol
(02:38 / Observers) wat_it_do: friendly guy
(02:44 / Observers) william.holden: yea i am, thanks
(02:51 / Observers) wat_it_do: ugh
(02:52 / Observers) wat_it_do: not u
(02:55 / Observers) wat_it_do: j/k
(03:03 / Observers) wat_it_do: im sure ur a good person as well
(03:05 / Observers) william.holden: im calling my mom
(03:06 / Observers) william.holden: MOM
(03:24 / Observers) wat_it_do: bm is a hoe
(03:29 / Observers) william.holden: my feet stink
(04:36 / Observers) BuSabers: wow
(04:38 / All) FrsT.N3wb4: tf
(04:40 / All) FrsT.N3wb4: wtf
(04:49 / Observers) william.holden: come on you little tit mouse
(05:00 / Observers) wat_it_do: WAT THE FRICK!
(05:33 / Observers) panzerschrek: ok the ud lose
(05:42 / Observers) wat_it_do: lol
(06:05 / Observers) william.holden: ya little tit mouse
(08:30 / Observers) e(d: the big turtles head looks like a penis popping back and forth ahah
(08:40 / Observers) e(d: with each atack
(08:41 / Observers) e(d: lol
(11:45 / Observers) e(d: undead got fucked
(11:54 / Observers) wat_it_do: lol yep
(12:48 / Observers) william.holden: blow the herb
(13:44 / Observers) e(d: gaunts on tc
(13:49 / Observers) wat_it_do: awwww
(13:50 / Observers) TIMG4STRok: lmao
(13:52 / Observers) wat_it_do: why?
(13:58 / Observers) wat_it_do: serilsy
(14:02 / Observers) wat_it_do: wat was teh point?
(14:35 / Observers) TIMG4STRok: why abosrb mana
(14:40 / Observers) e(d: dmg
(14:47 / Observers) TIMG4STRok: yeah but hes not attacking
(14:50 / Observers) e(d: dont know why he did before creep
(14:52 / Observers) TIMG4STRok: its going to disappear
(14:53 / Observers) panzerschrek: he tghinks hes about to attack
(15:14 / Observers) wat_it_do: doggy dog
(15:37 / Observers) e(d: stupid game
(15:39 / Observers) e(d: red wisn
(15:42 / Observers) e(d: wins EASY
(15:51 / Observers) e(d: he gets that tc lvl 3 gg
(15:59 / Observers) e(d: and sh already almost 4
(16:00 / Observers) e(d: god
(17:16 / Observers) TIMG4STRok: 6 on mine
(17:31 / Observers) e(d: done??
(18:25 / Observers) wat_it_do: red dominated
(18:28 / All) FrsT.N3wb4: ...